TOP OF THE 1ST |
Miami Marlins batting - Pitching for Tampa Bay Rays : LHP Cole Hamels
|
Pitching: LHP Cole Hamels
|
|
Batting: RHB Ian Desmond
|
0-0: Called Strike 0-1: Bunt for hit to 25 - play at first, batter safe!
|
Batting: RHB Dan Robertson
|
0-0: Ball 1-0: Foul Ball, location: 2F 1-1: Fielders Choice at 2nd, 5-4 (Groundball, 5)
|
Batting: SHB Francisco Lindor
|
0-0: Foul Ball, location: 2F 0-1: Ball 1-1: Ball 2-1: Ground out U3 (Groundball, 3) Dan Robertson to second
|
Batting: RHB Yasmany Tomas
|
0-0: Ball 1-0: Foul Ball, location: 2F 1-1: 2-RUN HOME RUN (Flyball, 7D), Distance : 373 ft
|
Batting: RHB Rob Refsnyder
|
0-0: Called Strike 0-1: Foul Ball, location: 2F 0-2: Ball 1-2: Ball 2-2: Foul Ball, location: 2F 2-2: Strikes out swinging, 2-3 out at first.
|
Top of the 1st over - 2 runs, 2 hits, 0 errors, 0 left on base; Miami 2 - Tampa Bay 0 |
BOTTOM OF THE 1ST |
Tampa Bay Rays batting - Pitching for Miami Marlins : RHP Johnny Cueto
|
Pitching: RHP Johnny Cueto
|
|
Batting: LHB Michael Conforto
|
0-0: Foul Ball, location: 2F 0-1: Foul Ball, location: 2F 0-2: Ball 1-2: Foul Ball, location: 2F 1-2: Foul Ball, location: 2F 1-2: Ball 2-2: Ground out 4-3 (Groundball, 4)
|
Batting: RHB A.J. Pollock
|
0-0: Ball 1-0: Ball 2-0: Foul Ball, location: 2F 2-1: SINGLE (Groundball, 6MD)
|
Batting: LHB Joey Votto
|
0-0: Foul Ball, location: 2F 0-1: Ball 1-1: Foul Ball, location: 2F 1-2: Foul Ball, location: 2F 1-2: Foul Ball, location: 2F 1-2: Ball 2-2: Strikes out swinging
|
Batting: RHB Gary Sanchez
|
0-0: Swinging Strike 0-1: Swinging Strike 0-2: Strikes out looking
|
Bottom of the 1st over - 0 runs, 1 hit, 0 errors, 1 left on base; Miami 2 - Tampa Bay 0 |
TOP OF THE 2ND |
Miami Marlins batting - Pitching for Tampa Bay Rays : LHP Cole Hamels
|
Batting: LHB Alex Gordon
|
0-0: Called Strike 0-1: Ball 1-1: Ground out 4-3 (Groundball, 4)
|
Batting: RHB Cheslor Cuthbert
|
0-0: Ball 1-0: Called Strike 1-1: Ground out U3 (Groundball, 3)
|
Batting: RHB Charlie Culberson
|
0-0: Called Strike 0-1: Ball 1-1: SINGLE (Groundball, 56D)
|
Batting: RHB Martin Maldonado
|
0-0: Ball Charlie Culberson steals 2nd base 1-0: Foul Ball, location: 2F 1-1: Ground out 6-3 (Groundball, 6S)
|
Top of the 2nd over - 0 runs, 1 hit, 0 errors, 1 left on base; Miami 2 - Tampa Bay 0 |
BOTTOM OF THE 2ND |
Tampa Bay Rays batting - Pitching for Miami Marlins : RHP Johnny Cueto
|
Batting: LHB Adam Eaton
|
0-0: Foul Ball, location: 2F 0-1: Ball 1-1: Fly out, F3 (Line Drive, 3)
|
Batting: SHB Neil Walker
|
0-0: Ball 1-0: Called Strike 1-1: Ball 2-1: Ground out 6-3 (Groundball, 4)
|
Batting: RHB Adrian Beltre
|
0-0: Foul Ball, location: 2F 0-1: Ball 1-1: Foul Ball, location: 2F 1-2: SINGLE (Line Drive, 89S)
|
Batting: SHB Ben Zobrist
|
0-0: Ground out 6-3 (Groundball, 4MD)
|
Bottom of the 2nd over - 0 runs, 1 hit, 0 errors, 1 left on base; Miami 2 - Tampa Bay 0 |
TOP OF THE 3RD |
Miami Marlins batting - Pitching for Tampa Bay Rays : LHP Cole Hamels
|
Batting: RHB Ian Desmond
|
0-0: Ball 1-0: Ground out 6-3 (Groundball, 56)
|
Batting: RHB Dan Robertson
|
0-0: SINGLE (Line Drive, 7S)
|
Batting: SHB Francisco Lindor
|
0-0: Called Strike 0-1: Foul Ball, location: 2F 0-2: Ball 1-2: Foul Ball, location: 2F 1-2: Fly out, F9 (Flyball, 9)
|
Batting: RHB Yasmany Tomas
|
0-0: Ball 1-0: Fielders Choice at 2nd, 6-4 (Groundball, 56)
|
Top of the 3rd over - 0 runs, 1 hit, 0 errors, 1 left on base; Miami 2 - Tampa Bay 0 |
BOTTOM OF THE 3RD |
Tampa Bay Rays batting - Pitching for Miami Marlins : RHP Johnny Cueto
|
Batting: RHB Matt Duffy
|
0-0: Ball 1-0: Ball 2-0: Called Strike 2-1: SINGLE (Groundball, 34D)
|
Batting: LHB Michael Conforto
|
0-0: Fly out, F9 (Line Drive, 9)
|
Batting: RHB A.J. Pollock
|
0-0: Ball 1-0: Ball 2-0: Fly out, F7 (Flyball, 7S)
|
Batting: LHB Joey Votto
|
0-0: Ball 1-0: Ball 2-0: Ball 3-0: Called Strike 3-1: Foul Ball, location: 2F 3-2: Base on Balls Matt Duffy to second
|
Batting: RHB Gary Sanchez
|
0-0: Swinging Strike 0-1: Swinging Strike 0-2: Ball 1-2: Strikes out swinging
|
Bottom of the 3rd over - 0 runs, 1 hit, 0 errors, 2 left on base; Miami 2 - Tampa Bay 0 |
TOP OF THE 4TH |
Miami Marlins batting - Pitching for Tampa Bay Rays : LHP Cole Hamels
|
Batting: RHB Rob Refsnyder
|
0-0: Ball 1-0: Ball 2-0: SINGLE (Groundball, 34D)
|
Batting: LHB Alex Gordon
|
0-0: Ball 1-0: Foul Ball, location: 2F 1-1: Ball 2-1: Ball 3-1: Base on Balls Rob Refsnyder to second
|
Batting: RHB Cheslor Cuthbert
|
0-0: Foul Ball, location: 2F 0-1: Ball 1-1: Swinging Strike 1-2: Strikes out looking
|
Batting: RHB Charlie Culberson
|
0-0: Ball 1-0: Called Strike 1-1: Fielders Choice at 2nd, 6-4 (Groundball, 6) Rob Refsnyder to third
|
Batting: RHB Martin Maldonado
|
0-0: Ball 1-0: Called Strike 1-1: Called Strike 1-2: Strikes out looking
|
Top of the 4th over - 0 runs, 1 hit, 0 errors, 2 left on base; Miami 2 - Tampa Bay 0 |
BOTTOM OF THE 4TH |
Tampa Bay Rays batting - Pitching for Miami Marlins : RHP Johnny Cueto
|
Batting: LHB Adam Eaton
|
0-0: Ball 1-0: Ball 2-0: Fly out, F6 (Popup, P)
|
Batting: SHB Neil Walker
|
0-0: Ball 1-0: Ball 2-0: Called Strike 2-1: Foul Ball, location: 2F 2-2: SOLO HOME RUN (Flyball, 89XD), Distance : 395 ft
|
Batting: RHB Adrian Beltre
|
0-0: Called Strike 0-1: Swinging Strike 0-2: Foul Ball, location: 2F 0-2: Ball 1-2: SINGLE (Flyball, 9LS)
|
Batting: SHB Ben Zobrist
|
0-0: Swinging Strike 0-1: Swinging Strike 0-2: Foul Ball, location: 2F 0-2: Ball 1-2: Fly out, F8 (Flyball, 8LD)
|
Batting: RHB Matt Duffy
|
0-0: Called Strike 0-1: Ground out 5-3 (Groundball, 56S)
|
Bottom of the 4th over - 1 run, 2 hits, 0 errors, 1 left on base; Miami 2 - Tampa Bay 1 |
TOP OF THE 5TH |
Miami Marlins batting - Pitching for Tampa Bay Rays : LHP Cole Hamels
|
Batting: RHB Ian Desmond
|
0-0: Called Strike 0-1: Swinging Strike 0-2: Ball 1-2: Strikes out swinging
|
Batting: RHB Dan Robertson
|
0-0: SINGLE (Line Drive, 8RS)
|
Batting: SHB Francisco Lindor
|
0-0: Called Strike 0-1: Called Strike 0-2: Fly out, F9 (Line Drive, 9D)
|
Batting: RHB Yasmany Tomas
|
0-0: Ball 1-0: Foul Ball, location: 2F 1-1: Called Strike 1-2: Foul Ball, location: 2F 1-2: Foul Ball, location: 2F 1-2: Strikes out swinging
|
Top of the 5th over - 0 runs, 1 hit, 0 errors, 1 left on base; Miami 2 - Tampa Bay 1 |
BOTTOM OF THE 5TH |
Tampa Bay Rays batting - Pitching for Miami Marlins : RHP Johnny Cueto
|
Batting: LHB Michael Conforto
|
0-0: Foul Ball, location: 2F 0-1: Ball 1-1: Ball 2-1: SINGLE (Groundball, 34D)
|
Batting: RHB A.J. Pollock
|
0-0: Fielders Choice at 2nd, 1-6 (Groundball, 13)
|
Batting: LHB Joey Votto
|
0-0: Ball 1-0: Foul Ball, location: 2F 1-1: Swinging Strike 1-2: Foul Ball, location: 2F 1-2: Ball Pickoff Throw to First - Error! E1 A.J. Pollock to second 2-2: Foul Ball, location: 2F 2-2: Fly out, F8 (Flyball, 8LD)
|
Batting: RHB Gary Sanchez
|
0-0: Fly out, F7 (Flyball, 7LD)
|
Bottom of the 5th over - 0 runs, 1 hit, 1 error, 1 left on base; Miami 2 - Tampa Bay 1 |
TOP OF THE 6TH |
Miami Marlins batting - Pitching for Tampa Bay Rays : LHP Cole Hamels
|
Batting: RHB Rob Refsnyder
|
0-0: Ball 1-0: Ball 2-0: Ground out 1-3 (Groundball, P)
|
Batting: LHB Alex Gordon
|
0-0: Foul Ball, location: 2F 0-1: Foul Ball, location: 2F 0-2: Ball 1-2: Ball 2-2: Foul Ball, location: 2F 2-2: Ball 3-2: Fly out, F6 (Popup, P)
|
Batting: RHB Cheslor Cuthbert
|
0-0: Ball 1-0: SOLO HOME RUN (Flyball, 78XD), Distance : 379 ft
|
Batting: RHB Charlie Culberson
|
0-0: Ball 1-0: Called Strike 1-1: Ball 2-1: Ball 3-1: Called Strike 3-2: Fly out, F8 (Flyball, 8RS)
|
Top of the 6th over - 1 run, 1 hit, 0 errors, 0 left on base; Miami 3 - Tampa Bay 1 |
BOTTOM OF THE 6TH |
Tampa Bay Rays batting - Pitching for Miami Marlins : RHP Johnny Cueto
|
Batting: LHB Adam Eaton
|
0-0: Ball 1-0: Ball 2-0: Ball 3-0: Base on Balls
|
Batting: SHB Neil Walker
|
0-0: Foul Ball, location: 2F 0-1: Foul Ball, location: 2F 0-2: Foul Ball, location: 2F 0-2: Ball 1-2: Strikes out swinging
|
Batting: RHB Adrian Beltre
|
0-0: Called Strike 0-1: Ball 1-1: Ball 2-1: Swinging Strike 2-2: Ball 3-2: Foul Ball, location: 2F 3-2: Fly out, F8 (Flyball, 8LS)
|
Batting: SHB Ben Zobrist
|
0-0: Ball 1-0: Called Strike 1-1: Foul Ball, location: 2F 1-2: Ball 2-2: Ground out 4-3 (Groundball, 4)
|
Bottom of the 6th over - 0 runs, 0 hits, 0 errors, 1 left on base; Miami 3 - Tampa Bay 1 |
TOP OF THE 7TH |
Miami Marlins batting - Pitching for Tampa Bay Rays : LHP Cole Hamels
|
Pitching: RHP Darren O'Day
|
|
Batting: RHB Martin Maldonado
|
0-0: Foul Ball, location: 2F 0-1: Foul Ball, location: 2F 0-2: Strikes out swinging
|
Batting: RHB Ian Desmond
|
0-0: Ball 1-0: Called Strike 1-1: Called Strike 1-2: Strikes out swinging
|
Batting: RHB Dan Robertson
|
0-0: Ball 1-0: Called Strike 1-1: Ball 2-1: Ball 3-1: Base on Balls
|
Batting: SHB Francisco Lindor
|
0-0: Fly out, F9 (Flyball, 9S)
|
Top of the 7th over - 0 runs, 0 hits, 0 errors, 1 left on base; Miami 3 - Tampa Bay 1 |
BOTTOM OF THE 7TH |
Tampa Bay Rays batting - Pitching for Miami Marlins : RHP Johnny Cueto
|
Pitching: LHP Blaine Hardy
|
|
Batting: RHB Matt Duffy
|
0-0: Ball 1-0: Ball 2-0: Swinging Strike 2-1: Swinging Strike 2-2: Ground out 6-3 (Groundball, 6)
|
Batting: LHB Michael Conforto
|
0-0: Ball 1-0: Called Strike 1-1: Fly out, F8 (Flyball, 8LM)
|
Batting: RHB A.J. Pollock
|
0-0: Ball 1-0: Fly out, F7 (Flyball, 7LS)
|
Bottom of the 7th over - 0 runs, 0 hits, 0 errors, 0 left on base; Miami 3 - Tampa Bay 1 |
TOP OF THE 8TH |
Miami Marlins batting - Pitching for Tampa Bay Rays : RHP Darren O'Day
|
Pitching: LHP James Pazos
|
|
Batting: RHB Yasmany Tomas
|
0-0: Ball 1-0: Called Strike 1-1: Ball 2-1: Foul Ball, location: 2F 2-2: Strikes out swinging
|
Batting: RHB Rob Refsnyder
|
0-0: Ball 1-0: Ball 2-0: Foul Ball, location: 2F 2-1: Ground out 5-3 (Groundball, 5S)
|
Batting: LHB Alex Gordon
|
0-0: Swinging Strike 0-1: Ball 1-1: Foul Ball, location: 2F 1-2: Ball 2-2: Strikes out swinging
|
Top of the 8th over - 0 runs, 0 hits, 0 errors, 0 left on base; Miami 3 - Tampa Bay 1 |
BOTTOM OF THE 8TH |
Tampa Bay Rays batting - Pitching for Miami Marlins : LHP Blaine Hardy
|
Pitching: RHP George Kontos
|
|
Batting: LHB Joey Votto
|
0-0: Ball 1-0: Ball 2-0: Ball 3-0: Base on Balls
|
Batting: RHB Gary Sanchez
|
0-0: Ball 1-0: Called Strike 1-1: Foul Ball, location: 2F 1-2: Strikes out swinging
|
Batting: LHB Adam Eaton
|
0-0: SINGLE (Line Drive, 6MD) Joey Votto to second
|
Batting: SHB Neil Walker
|
0-0: Foul Ball, location: 2F 0-1: Foul Ball, location: 2F 0-2: Ball 1-2: Ball 2-2: Fly out, F7 (Flyball, 7)
|
Batting: RHB Adrian Beltre
|
0-0: Called Strike 0-1: Ball 1-1: Ball 2-1: Foul Ball, location: 2F 2-2: Strikes out swinging
|
Bottom of the 8th over - 0 runs, 1 hit, 0 errors, 2 left on base; Miami 3 - Tampa Bay 1 |
TOP OF THE 9TH |
Miami Marlins batting - Pitching for Tampa Bay Rays : LHP James Pazos
|
Pitching: LHP Chasen Shreve
|
|
Batting: RHB Cheslor Cuthbert
|
0-0: Ball 1-0: Ground out 5-3 (Groundball, 56)
|
Batting: RHB Charlie Culberson
|
0-0: Ball 1-0: Foul Ball, location: 2F 1-1: Fly out, F7 (Line Drive, 7)
|
Batting: RHB Martin Maldonado
|
0-0: Swinging Strike 0-1: Foul Ball, location: 2F 0-2: Strikes out swinging
|
Top of the 9th over - 0 runs, 0 hits, 0 errors, 0 left on base; Miami 3 - Tampa Bay 1 |
Wednesday, September 26th, 2018 - OOTP Baseball 19.8 Build 79
|
|